 Dungeon Crawl Stone Soup version 0.20.1-1-g8b1a95d (webtiles) character file.

228 Knicklaso the Chiller (level 6, -3/45 HPs)
             Began as a Ghoul Ice Elementalist on July 18, 2017.
             Slain by a worm (6 damage)
             ... on level 4 of the Dungeon.
             The game lasted 00:16:28 (2546 turns).

Knicklaso the Chiller (Ghoul Ice Elementalist)      Turns: 2546, Time: 00:16:28

Health: -3/45      AC:  2    Str: 12    XL:     6   Next: 2%
Magic:  1/10       EV: 12    Int: 12    God:
Gold:   143        SH:  0    Dex:  9    Spells: 9/12 levels left

rFire    . . .     SeeInvis .   (no weapon)
rCold    + . .     Gourm    .   (no shield)
rNeg     + + +     Faith    .   a - +0 robe
rPois    ∞         Spirit   .   (no helmet)
rElec    .         Reflect  .   (no cloak)
rCorr    .         Harm     .   (no gloves)
MR       .....                  (no boots)
Stlth    ++........             r - amulet of inaccuracy (curse)
Regen    0.0/turn               (no ring)
MPRegen  0.2/turn               (no ring)

@: rotting
A: rotting body, claws 1, carnivore 3, cold resistance 1, negative energy
resistance 3, inhibited regeneration, torment resistance, unbreathing
a: no special abilities


You were on level 4 of the Dungeon.
You were not hungry.

You visited 1 branch of the dungeon, and saw 4 of its levels.

You collected 143 gold pieces.

Inventory:

Armour
 a - a +0 robe (worn)
Jewellery
 r - a cursed amulet of inaccuracy (around neck)
Scrolls
 f - a scroll of identify
 h - a scroll of enchant weapon {unknown}
 i - a scroll of magic mapping
 j - a scroll of teleportation {unknown}
 l - a scroll of blinking {unknown}
 q - 2 scrolls of remove curse {unknown}
Potions
 d - a potion of curing
 e - a potion of flight {unknown}
 g - a potion of mutation {unknown}
 m - a potion of might {unknown}
 n - a potion of heal wounds {unknown}
 o - 2 potions of lignification {unknown}
Books
 b - a book of Frost

   Spells                             Type                      Level
   a - Freeze                         Ice                          1
   b - Throw Frost                    Conjuration/Ice              2
   c - Ozocubu's Armour               Charms/Ice                   3
   d - Throw Icicle                   Conjuration/Ice              4
   e - Summon Ice Beast               Ice/Summoning                4
Comestibles
 c - 4 meat rations
 k - 3 royal jellies


   Skills:
 - Level 1.7 Dodging
 - Level 2.1 Stealth
 + Level 3.8 Spellcasting
 - Level 0.7 Conjurations
 + Level 5.4 Ice Magic


You had 9 spell levels left.
You knew the following spells:

 Your Spells              Type           Power        Failure   Level  Hunger
a - Freeze                Ice            ###.         2%          1    #......
b - Throw Frost           Conj/Ice       #.....       10%         2    ##.....


Dungeon Overview and Level Annotations

Branches:
Dungeon (4/15)
 Temple: D:4-7

Altars:


Innate Abilities, Weirdness & Mutations

Your body is rotting away.
You thrive on raw meat.
You are immune to poison.
You have sharp fingernails.
You are carnivorous and can eat meat at any time.
Your flesh is cold resistant. (rC+)
You are immune to negative energy. (rN+++)
You do not regenerate when monsters are visible.
You are immune to unholy pain and torment.
You can survive without breathing.


Message History

You freeze the worm.
The worm is severely wounded.
You hear the slow rusting of a very distant drain.
You feel better. The worm bites you.
* * * LOW HITPOINT WARNING * * *
You completely miss the worm.
The worm is severely wounded.
The worm barely misses you.
You scratch the worm.
The worm is severely wounded.
You barely miss the worm.
The worm is severely wounded.
The worm bites you.
* * * LOW HITPOINT WARNING * * *
You scratch the worm.
The worm is severely wounded.
You completely miss the worm.
The worm is severely wounded.
The worm bites you.
You die...

*,,,,,* ******,,,,,,,,,* *
*,,,,,* *,,,,,,,,,,,,,,* *
*,,,,,* *,,,,,,,,,,,,,,* *
*,,,,,* *,,,,,,****,**** *
*,,,,,* *,,,,,,* *,** * *,,,,,*
*,,,,,,* *,,* *
#,,,,,***###############**,,*****
,,,,,,,,,...............,,,,,>,,,
*,,,,,********#.@..#******,,*****
###############w##.# *,,**
$.....w......)..#*,# *,,,*
###############.#*,* *,,,**
,,,,,,,,,,,***###*,* *,,,,***
,*******,,,,,,,* *,* *,,,,,,,
,,,,,,,*,_,,,,,* *,* ***,,***
,*****,*,,,,,,,* *,* **,* ,*
*,***,***** *,* *,*


You could see a worm.

Vanquished Creatures
  An ogre (D:4)
  The ghost of dion0 the Grasshopper, a weakling FeWr (D:3)
  4 adders
  An ooze (D:1)
  3 worms (D:2)
  A dart slug (D:1)
  A leopard gecko (D:1)
  An orc (D:3)
  6 bats
  6 giant cockroaches
  6 goblins
  9 hobgoblins
  A jackal (D:2)
  10 kobolds
  2 quokkas
  3 frilled lizards
  7 rats
63 creatures vanquished.

Notes
Turn   | Place    | Note
-------+----------+-------------------------------------------
     0 | D:1      | Knicklaso the Ghoul Ice Elementalist began the quest for the Orb.
     0 | D:1      | Reached XP level 1. HP: 14/14 MP: 2/2
   165 | D:1      | Reached XP level 2. HP: 13/20 MP: 0/4
   534 | D:1      | Reached XP level 3. HP: 13/25 MP: 0/5
   538 | D:1      | Learned a level 2 spell: Throw Frost
   909 | D:2      | Reached skill level 4 in Ice Magic
  1222 | D:2      | Reached XP level 4. HP: 33/33 MP: 3/7
  1530 | D:2      | HP: 1/33 [worm (4)]
  1887 | D:3      | Noticed dion0's ghost (weakling FeWr)
  1962 | D:3      | Killed dion0's ghost
  1962 | D:3      | Reached XP level 5. HP: 29/38 MP: 2/8
  2485 | D:4      | Noticed an ogre
  2497 | D:4      | Reached skill level 5 in Ice Magic
  2516 | D:4      | Killed an ogre
  2516 | D:4      | Reached XP level 6. HP: 12/42 MP: 1/10
  2539 | D:4      | HP: 2/42 [worm (6)]
  2546 | D:4      | Slain by a worm

Skill      XL: |  1  2  3  4  5 |
---------------+----------------+-----
Spellcasting   | 2 3 |  3.8
Ice Magic      | 4 5 |  5.4
Dodging        | |  1.7
Stealth        | |  2.1
Conjurations   | |  0.7

Action                   |  1- 3 |  4- 6 || total
-------------------------+-------+-------++-------
Melee: Unarmed           |    61 |    44 ||   105
 Cast: Freeze            |    48 |    78 ||   126
       Throw Frost       |     1 |       ||     1
  Use: Scroll            |       |     3 ||     3
       Potion            |       |     1 ||     1
 Stab: Sleeping          |     1 |       ||     1
       Distracted        |       |     1 ||     1
  Eat: Chunk             |    19 |    12 ||    31
       Meat ration       |       |     1 ||     1
Armor: Robe              |    18 |    17 ||    35
Dodge: Dodged            |    52 |    61 ||   113
